 Dungeon Crawl Stone Soup version 0.29-a0-284-gf9362112df (webtiles) character file.

Game seed: 15469473899748792735

47 rabbitsville the Gusty (level 3, -2/19 HPs)
             Began as a Tengu Air Elementalist on Mar 29, 2022.
             Slain by an iguana (3 damage)
             ... on level 2 of the Dungeon.
             The game lasted 00:06:10 (1389 turns).

rabbitsville the Gusty (Tengu Air Elementalist)     Turns: 1389, Time: 00:06:10

Health: -2/19      AC:  2    Str:  8    XL:     3   Next: 70%
Magic:  2/7        EV: 12    Int: 17    God:
Gold:   99         SH:  0    Dex: 14    Spells: 6/7 levels left

rFire   . . .      SeeInvis .   e - staff of air
rCold   . . .      Faith    .   (no shield)
rNeg    . . .      Spirit   .   a - +0 robe
rPois   .          Reflect  .   (helmet restricted)
rElec   +          Harm     .   (no cloak)
rCorr   .          Rampage  .   (no gloves)
Will    .....                   (boots unavailable)
Stlth   ++........              (no amulet)
HPRegen 0.06/turn               i - ring of wizardry
MPRegen 0.10/turn               (no ring)

@: lethally poisoned (-2 -> -5), about to teleport, hasted, very quick
A: beak, talons 3
a: no special abilities


You were on level 2 of the Dungeon.
You visited 1 branch of the dungeon, and saw 2 of its levels.

You collected 99 gold pieces.

Inventory:

Hand Weapons
 c - a +0 club
Armour
 a - a +0 robe (worn)
Magical Staves
 e - a staff of air (weapon)
Jewellery
 i - a ring of wizardry (left hand)
Scrolls
 g - a scroll of identify
 h - a scroll of enchant weapon {unknown}
Potions
 b - a potion of magic


   Skills:
 - Level 2.1 Dodging
 - Level 2.0 Stealth
 + Level 2.6 Spellcasting
 - Level 1.3 Conjurations
 * Level 5.5 Air Magic


You had 6 spell levels left.
You knew the following spells:

 Your Spells              Type           Power      Damage    Failure   Level
a - Shock                 Conj/Air       80%        1d8       1%          1

Your spell library contained the following spells:

 Spells                   Type           Power      Damage    Failure   Level
 Static Discharge         Conj/Air       20%        N/A       2%          2
 Swiftness                Air            31%        N/A       2%          3
 Airstrike                Air            15%        N/A       8%          4


Dungeon Overview and Level Annotations

Branches:
Dungeon (2/15)

Altars:
Trog


Innate Abilities, Weirdness & Mutations

You have a beak for a mouth.
You have claws for feet.


Message History

You start resting.
An adder comes into view.
You see here a scroll labelled IRUZEN COHOIR.
You start resting.
An adder is nearby!
Aiming: Shock (safe; 1% risk of failure)
Press: ? - help, Q - select action Shift-Dir - straight line, f - adder
Aim: an adder (wandering, hasn't noticed you, 53% to hit)
You feel a surge of power!
The zap misses the adder.
The adder hisses angrily.
You see here a +0 ring mail.
Things that are here:
a +0 cloak; a bat corpse An iguana comes into view.
The iguana hisses angrily.
Aiming: Shock (safe; 1% risk of failure)
Press: ? - help, Q - select action Shift-Dir - straight line, f/p - adder
Aim: an adder (53% to hit)
You feel a surge of power!
The zap hits the adder.
The adder is lightly wounded.
The adder closely misses you.
As you read the scroll labelled MAZXYLENTY, it crumbles to dust.
It is a scroll of identify.
d - a scroll of teleportation The adder bites you.
You are poisoned.
The adder poisons you! The adder bites you but does no damage.
As you read the scroll of teleportation, it crumbles to dust.
You feel strangely unstable.
You feel sick. The adder bites you.
You closely miss the adder. You claw the adder. Your peck misses the adder.
The adder is moderately wounded.
You feel sick. The adder bites you.
* * * LOW HITPOINT WARNING * * *
The iguana completely misses you. The adder bites you.
* * * LOW HITPOINT WARNING * * *
The iguana misses you.
It was a potion of haste.
You feel yourself speed up.
* * * LOW HITPOINT WARNING * * *
You feel sick. The adder misses you. The iguana bites you.
You die...

.........#.. ########.#.#### ###
#.#.#.. #...###.#.#.#########
#......'#.#.........##########
......................[.......
...._......#....#.........#
.........†.+...S#.....[...#
...........#..l@#.........#
...........'....'.#+#####[#
..##.###...#....#.#.#####.######
................#.#............#
.....##........#.#..####S####.#
#... #.....##.#.# #.?# .
#.....##...#........#
#...#####..S.......... #....
.....S.........


You could see an iguana and an adder.

Vanquished Creatures
  2 adders (D:2)
  A worm (D:2)
  A dart slug (D:1)
  3 endoplasms
  4 giant cockroaches (D:1)
  2 hobgoblins (D:1)
  A quokka (D:1)
  4 ball pythons (D:1)
  2 bats (D:2)
  A frilled lizard (D:1)
  A kobold (D:1)
  A rat (D:1)
23 creatures vanquished.

Notes
Turn   | Place    | Note
-------+----------+-------------------------------------------
     0 | D:1      | rabbitsville the Tengu Air Elementalist began the quest for
                  | the Orb.
     0 | D:1      | Reached XP level 1. HP: 10/10 MP: 4/4
   506 | D:1      | Reached XP level 2. HP: 10/15 MP: 1/6
  1110 | D:1      | Reached skill level 5 in Air Magic
  1170 | D:2      | Reached XP level 3. HP: 19/19 MP: 0/7
  1276 | D:2      | Found a bloodstained altar of Trog.
  1389 | D:2      | Slain by an iguana

Illustrated notes

Levels and vault maps discovered:
D:1:      dpeg_arrival_brainrot, layout_basic
D:2:      layout_basic, serial_shops, nicolae_shop_hallway_stairs, shop,
          basic_altar, st_stairs_5

Skill      XL: |  1  2 |
---------------+-------+-----
Air Magic      | 5 |  5.5
Dodging        | |  2.1
Stealth        | |  2.0
Spellcasting   | |  2.6
Conjurations   | |  1.3

Action                   || total
-------------------------++-------
Melee: Staff             ||    16
       Kick              ||     6
       Peck              ||     4
 Cast: Shock             ||    57
  Use: Scroll            ||     2
       Potion            ||     1
 Stab: Sleeping          ||     1
Armor: Robe              ||     4
Dodge: Dodged            ||    13

Table legend: (Time is in decaauts)
 A = Elapsed time spent in this place.
 B = Non-inter-level travel time spent in this place.
 C = Inter-level travel time spent in this place.
 D = Time resting spent in this place.
 E = Time spent auto-exploring this place.
 F = Levels seen in this place.
 G = Mean time per level.
                   A        B        C        D        E       F      G
               +--------+--------+--------+--------+--------+-----+--------+
         Total |   1390 |   1388 |      2 |    183 |    788 |   2 |  695.0 |
       Dungeon |   1390 |   1388 |      2 |    183 |    788 |   2 |  695.0 |
               +--------+--------+--------+--------+--------+-----+--------+

Top non-repeatable levels by time:
     D:1: 1130 daAuts
     D:2: 259 daAuts
